 Dungeon Crawl Stone Soup version 0.28-a0-474-g535839065c (webtiles) character file.

Game seed: 1661027061617640796

18 sleeves the Insei (level 2, -2/20 HPs)
             Began as a Vampire Transmuter on Sept 16, 2021.
             Frozen to death by an endoplasm (4 damage)
             ... on level 1 of the Dungeon.
             The game lasted 00:01:37 (963 turns).

sleeves the Insei (Vampire Transmuter)               Turns: 963, Time: 00:01:37

Health: -2/20      AC:  2    Str:  9    XL:     2   Next: 48%
Magic:  4/5        EV: 12    Int: 15    God:
Gold:   50         SH:  0    Dex: 14    Spells: 4/5 levels left

rFire   . . .      SeeInvis +     - Unarmed
rCold   . . .      Faith    .   (no shield)
rNeg    . . .      Spirit   .   a - +0 robe
rPois   .          Reflect  .   (helmet currently unavailable)
rElec   .          Harm     .   (no cloak)
rCorr   .          Rampage  .   (no gloves)
Will    .....                   (boots currently unavailable)
Stlth   +.........              (no amulet)
HPRegen 0.26/turn               (no ring)
MPRegen 0.09/turn               (no ring)

@: appendages (expiring), healing quickly
A: horns 2, talons 2, alive, fangs 3, see invisible, vampiric 1
a: Exsanguinate, End Transformation


You were on level 1 of the Dungeon.
You had temporarily grown beastly horns and talons.
You visited 1 branch of the dungeon, and saw 2 of its levels.

You collected 50 gold pieces.

Inventory:

Armour
 a - a +0 robe (worn)
Scrolls
 b - a scroll of vulnerability {unknown}
 c - a scroll of holy word {unknown}
 d - 2 scrolls of identify {unknown}
 e - a scroll of teleportation {unknown}
Potions
 f - a potion of haste {unknown}


   Skills:
 - Level 0.8 Fighting
 - Level 2.1 Dodging
 + Level 4.3 Unarmed Combat
 - Level 2.0 Spellcasting
 - Level 2.1 Transmutations


You had 4 spell levels left.
You knew the following spells:

 Your Spells              Type           Power      Damage    Failure   Level
a - Beastly Appendage     Tmut           16%        N/A       9%          1

Your spell library contained the following spells:

 Spells                   Type           Power      Damage    Failure   Level
 Wereblood                Tmut           8%         N/A       14%         2
 Spider Form              Tmut/Pois      2%         N/A       38%         3
 Ice Form                 Ice/Tmut       4%         N/A       80%         4


Dungeon Overview and Level Annotations

Branches:
Dungeon (2/15)

Altars:


Innate Abilities, Weirdness & Mutations

You have temporarily grown beastly horns and talons.
Your natural rate of healing is accelerated.
You have razor-sharp teeth.
You have supernaturally acute eyesight. (SInv)
You are afflicted with vampirism.


Message History

You add the spells Beastly Appendage, Wereblood, Spider Form and Ice Form to your library.
Welcome, sleeves the Vampire Transmuter.
Will you prevail where others failed? Will you find the Orb of Zot?
Press ? for a list of commands and other information.
Found a staircase leading out of the dungeon.
You enter the shallow water.
Moving in this stuff is going to be slow.
b - a scroll labelled SOOZ DIFEATYKI
Found a stone staircase leading down.
c - a scroll labelled UHIROSM TALETSU No target in view!
You now have 17 gold pieces.
Found 8 poisoned darts.
There is a stone staircase leading down here.
Found a leather armour.
An endoplasm comes into view.
You grow a pair of large bovine horns.
Your feet morph into talons.
The endoplasm quivers.
The endoplasm freezes you.
You are frozen.
You hit the endoplasm.
You claw the endoplasm, but do no damage.
The endoplasm is heavily wounded.
The endoplasm hits you.
You are too injured to fight recklessly!
You are too injured to fight recklessly!
You are too injured to fight recklessly!
You are too injured to fight recklessly!
You hit the endoplasm but do no damage. You claw the endoplasm.
You kill the endoplasm!
You start resting.
Your transformation is almost over.
You start resting.
Magic restored.
You start resting.
Your horns disappear.
Your talons disappear.
HP restored.
You now have 33 gold pieces (gained 16).
A goblin comes into view. It is wielding a +0 club.
The goblin shouts!
A goblin is nearby!
A goblin is nearby!
A goblin is nearby!
You grow a pair of large bovine horns.
Your feet morph into talons.
The goblin closely misses you.
You hit the goblin but do no damage. Your punch misses the goblin.
Your bite misses the goblin. The goblin closely misses you.
You hit the goblin but do no damage. You bite the goblin.
The goblin is heavily wounded.
The goblin hits you with a +0 club.
You completely miss the goblin. You headbutt the goblin.
You kill the goblin!
No target in view!
Your transformation is almost over.
Magic restored.
Things that are here:
a +0 club; a goblin corpse Your horns disappear.
Your talons disappear.
A hobgoblin comes into view.
A hobgoblin is nearby!
A hobgoblin is nearby!
You grow a pair of large bovine horns.
Your feet morph into talons.
A goblin comes into view. It is wielding a +0 dagger.
The goblin shouts!
The hobgoblin shouts!
You swing at nothing.
You miss the goblin. Your kick misses the goblin.
Your transformation is almost over.
The goblin closely misses you.
You hit the goblin.
The goblin is moderately wounded.
The goblin hits you but does no damage.
You closely miss the goblin. Your punch misses the goblin.
Your bite misses the goblin.
The goblin is moderately wounded.
The goblin hits you with a +0 dagger.
You closely miss the goblin.
The goblin is moderately wounded.
The goblin closely misses you.
You hit the goblin.
The goblin is severely wounded.
The goblin hits you with a +0 dagger.
You hit the goblin.
You kill the goblin!
You barely miss the hobgoblin. You claw the hobgoblin.
The hobgoblin is severely wounded.
The hobgoblin hits you.
You hit the hobgoblin but do no damage.
The hobgoblin is severely wounded.
The hobgoblin barely misses you.
You barely miss the hobgoblin. You claw the hobgoblin.
You kill the hobgoblin!
Your horns disappear.
Your talons disappear.
You swing at nothing.
Things that are here:
a +0 dagger; a hobgoblin corpse An endoplasm comes into view.
An endoplasm is nearby!
You grow a pair of large bovine horns.
Your feet morph into talons.
You hit the endoplasm.
You kill the endoplasm!
No target in view!
No target in view!
Your transformation is almost over.
Your horns disappear.
Your talons disappear.
A hobgoblin comes into view.
Found a club.
The hobgoblin shouts!
A hobgoblin is nearby!
A hobgoblin is nearby!
A hobgoblin is nearby!
The hobgoblin hits you.
You grow a pair of large bovine horns.
Your feet morph into talons.
The hobgoblin hits you.
You are too injured to fight recklessly!
You are too injured to fight recklessly!
You hit the hobgoblin. Your punch misses the hobgoblin.
You bite the hobgoblin, but do no damage.
The hobgoblin is moderately wounded.
The hobgoblin hits you.
* * * LOW HITPOINT WARNING * * *
You closely miss the hobgoblin. Your kick misses the hobgoblin.
You headbutt the hobgoblin.
The hobgoblin is severely wounded.
The hobgoblin hits you.
* * * LOW HITPOINT WARNING * * *
You hit the hobgoblin.
You kill the hobgoblin!
You have reached level 2!
You start resting.
Your transformation is almost over.
You start resting.
Your horns disappear.
Your talons disappear.
You start resting.
Magic restored.
You start resting.
HP restored.
You see here a hobgoblin corpse.
A ball python comes into view.
A ball python is nearby!
A ball python is nearby!
A ball python is nearby!
You grow a pair of large bovine horns.
Your feet morph into talons.
The ball python hisses angrily.
Your transformation is almost over.
The ball python bites you. The ball python closely misses you.
You hit the ball python.
You kill the ball python!
Your Unarmed Combat skill increases to level 4!
No target in view!
No target in view!
Magic restored.
Your horns disappear.
Your talons disappear.
A rat comes into view.
A rat is nearby!
A rat is nearby!
A rat is nearby!
You grow a pair of large bovine horns.
Your feet morph into talons.
You hit the rat. Your kick misses the rat.
The rat is severely wounded.
The rat barely misses you.
You barely miss the rat.
The rat is severely wounded.
The rat closely misses you.
You hit the rat.
You kill the rat!
No target in view!
No target in view!
No target in view!
Your transformation is almost over.
Your horns disappear.
Your talons disappear.
A dart slug comes into view.
Found a stone staircase leading down.
A dart slug is nearby!
A dart slug is nearby!
A dart slug is nearby!
You grow a pair of large bovine horns.
Your feet morph into talons.
The dart slug bites you.
You hit the dart slug. You claw the dart slug.
You headbutt the dart slug, but do no damage.
The dart slug is almost dead.
The dart slug closely misses you.
You completely miss the dart slug. You bite the dart slug.
You kill the dart slug!
No target in view!
No target in view!
Your transformation is almost over.
Your horns disappear.
Your talons disappear.
You see here a +0 leather armour.
A bat comes into view.
The bat moves out of view.
The bat barely misses you.
A bat is nearby!
A bat is nearby!
You hit the bat.
You kill the bat!
No target in view!
No target in view!
d - a scroll labelled YROM HISOSME A quokka comes into view.
A quokka is nearby!
A quokka is nearby!
You grow a pair of large bovine horns.
Your feet morph into talons.
The quokka closely misses you.
You hit the quokka. Your kick misses the quokka. Your bite misses the quokka.
The quokka is severely wounded.
The quokka barely misses you.
You miss the quokka.
The quokka is severely wounded.
The quokka misses you.
You completely miss the quokka. You claw the quokka.
You kill the quokka!
No target in view!
No target in view!
You have 33 gold pieces.
Annotate which branch? (. - D:1, ? - help, ! - show branch list)
Okay, then.
Unknown command.
Unknown command.
Your transformation is almost over.
A goblin comes into view. It is wielding a +0 club.
Your horns disappear.
Your talons disappear.
A goblin is nearby!
A goblin is nearby!
A goblin is nearby!
The goblin shouts!
The goblin barely misses you.
You barely miss the goblin. You hit the goblin.
You kill the goblin!
No target in view!
No target in view!
No target in view!
No target in view!
No target in view!
No target in view!
No target in view!
No target in view!
No target in view!
Things that are here:
a +0 club; a goblin corpse
Found an escape hatch in the floor.
There is an escape hatch in the floor here.
e - a scroll labelled XIUPUA DYTT You open the door.
Found a faded altar of an unknown god.
There is an open door here.
d - 2 scrolls labelled YROM HISOSME (gained 1)
You open the door.
There is an open door here.
There is a faded altar of an unknown god here.
You open the door.
There is an open door here.
You open the door.
There is an open door here.
Found a dagger.
You see here a +0 dagger.
There is an escape hatch in the floor here.
There is a stone staircase leading down here.
Key pressed, stopping explore.
Found a ring mail.
You now have 50 gold pieces (gained 17).
You see here a +0 ring mail.
f - a ruby potion
Found 12 stones.
Found a stone staircase leading down.
You enter the shallow water.
Moving in this stuff is going to be slow.
Done exploring.
Done exploring.
Done exploring.
Done exploring.
(D) Dungeon
Where to? (? - help)
You see here 8 poisoned darts.
There is a stone staircase leading down here.
You climb downwards.
Found four items.
There is a stone staircase leading up here.
There are monsters nearby!
There are monsters nearby!
There are monsters nearby!
There are monsters nearby!
You grow a pair of large bovine horns.
Your feet morph into talons.
There are no items here.
The kobold shouts!
A jackal comes into view.
The adder hisses angrily.
You hit the bat.
The bat is severely wounded.
The bat closely misses you.
You closely miss the bat. Your kick misses the bat. You headbutt the bat.
You kill the bat!
The kobold hits you with a +0 short sword.
Your transformation is almost over.
The kobold closely misses you. The endoplasm freezes you.
You are frozen.
The frilled lizard bites you. The adder barely misses you.
You climb upwards.
There is a stone staircase leading down here.
You hit the adder. Your kick misses the adder.
The adder is heavily wounded.
The adder misses you. The endoplasm closely misses you. The kobold misses you.
You miss the adder.
The adder is heavily wounded.
The adder closely misses you. The endoplasm freezes you.
You are frozen.
The kobold hits you with a +0 short sword.
* * * LOW HITPOINT WARNING * * *
The adder bites you.
* * * LOW HITPOINT WARNING * * *
You closely miss the adder. Your headbutt misses the adder.
The adder is heavily wounded.
The kobold closely misses you. The endoplasm freezes you.
You are frozen.
* * * LOW HITPOINT WARNING * * *
The adder bites you.
* * * LOW HITPOINT WARNING * * *
You closely miss the adder. You bite the adder.
The adder is heavily wounded.
The kobold closely misses you. The endoplasm freezes you.
You are frozen.
You die...

........# #(# #.# #.#
#####.########.# ##.######.# #
#.#.....##.# #####...#....#. ##
#.#.^...##.# #...........#.# .#
##.#........# #.###...#.#.###
.###........#### #.# ##.##.#.###
............#######.# #.##.#.##.
.###...##.#....JK##.####.##.#.##.
.# ##.###.######@##.##...........
.####.# #.# #S##.##.#.........
......# #.# #l...##.####.#.##.
.########.# ###..##.## #.#.##.
....##....# ##..#...###......
.##.##.#### #.....#.......##.
.##.##.# ####...#...#####.##.
.##.##># #................##.
.##.##.# #.##..###.####......


You could see an adder, an endoplasm, a kobold and a frilled lizard.

Vanquished Creatures
  A dart slug (D:1)
  A ball python (D:1)
  2 bats
  2 endoplasms (D:1)
  3 goblins (D:1)
  2 hobgoblins (D:1)
  A quokka (D:1)
  A rat (D:1)
13 creatures vanquished.

Notes
Turn   | Place    | Note
-------+----------+-------------------------------------------
     0 | D:1      | sleeves the Vampire Transmuter began the quest for the Orb.
     0 | D:1      | Reached XP level 1. HP: 14/14 MP: 3/3
   253 | D:1      | HP: 7/14 [hobgoblin (1)]
   256 | D:1      | Reached XP level 2. HP: 8/20 MP: 3/5
   362 | D:1      | Reached skill level 4 in Unarmed Combat
   564 | D:1      | Found a faded altar of an unknown god.
   961 | D:1      | HP: 10/20 [kobold (4)]
   962 | D:1      | HP: 2/20 [adder (3)]
   963 | D:1      | Frozen to death by an endoplasm

Illustrated notes

Levels and vault maps discovered:
D:1:      dpeg_arrival_shrine, layout_loops_ring,
          shapermc_ecumenical_altar_ellora, minivault_27
D:2:      layout_loops_ring, uniq_crazy_yiuf_cottage

Skill      XL: |  1  2 |
---------------+-------+-----
Unarmed Combat | 4 |  4.3
Fighting       | |  0.8
Dodging        | |  2.1
Spellcasting   | |  2.0
Transmutations | |  2.1

Action                   || total
-------------------------++-------
Melee: Unarmed           ||    36
       Kick              ||     6
       Headbutt          ||     4
       Bite              ||     4
 Cast: Beastly Appendage ||    10
Armor: Robe              ||     1
Dodge: Dodged            ||    23

Table legend: (Time is in decaauts)
 A = Elapsed time spent in this place.
 B = Non-inter-level travel time spent in this place.
 C = Inter-level travel time spent in this place.
 D = Time resting spent in this place.
 E = Time spent auto-exploring this place.
 F = Levels seen in this place.
 G = Mean time per level.
                   A        B        C        D        E       F      G
               +--------+--------+--------+--------+--------+-----+--------+
         Total |    961 |    918 |     43 |     57 |    758 |   2 |  480.5 |
       Dungeon |    961 |    918 |     43 |     57 |    758 |   2 |  480.5 |
               +--------+--------+--------+--------+--------+-----+--------+

Top non-repeatable levels by time:
     D:1: 956 daAuts
     D:2: 5 daAuts
